 Dungeon Crawl Stone Soup version 0.19.1 (webtiles) character file.

245763 Krapule the Convoker (level 19, -13/140 HPs)
             Began as a Merfolk Summoner on Dec 10, 2016.
             Was the Champion of Ashenzari.
             Mangled by a deep elf blademaster
             ... wielding a +0 rapier of draining
              (14 damage)
             ... on level 2 of the Elven Halls on Dec 11, 2016.
             The game lasted 05:42:28 (48536 turns).

Krapule the Convoker (Merfolk Summoner)            Turns: 48536, Time: 05:42:29

Health: -13/140    AC: 17    Str: 12    XL:     19   Next: 94%
Magic:  4/32       EV: 32    Int: 26    God:    Ashenzari [******]
Gold:   2047       SH: 11    Dex: 18    Spells: 7 memorised, 12 levels left

rFire  + . .     SeeInvis +     s - +9 demon trident (freeze) (curse)
rCold  + . .     Gourm    .     l - +2 robe {rC+ rF+} (curse)
rNeg   . . .     Faith    .     T - +2 buckler {AC+3}
rPois  +         Spirit   .     m - +2 helmet {Int+3} (curse)
rElec  +         Reflect  +     B - +2 cloak {rPois} (curse)
rCorr  .         Harm     .     A - +0 pair of gloves
MR     +....     Clarity  +     i - +2 pair of boots
Stlth  +++++.....               J - amulet "Giriem" {Reflect Int+3 Dex-2 SH+3 Stlth+} (curse)
                                b - ring of Divine Intervention {rElec Int+2 Dex+5 Stlth+} (curse)
                                z - +6 ring of evasion

@: about to teleport, heavily drained
A: change form in water, swift swim, stealthy swim
a: Curse Item, Scrying, Transfer Knowledge, Renounce Religion
}: 1/15 runes: serpentine


You were on level 2 of the Elven Halls.
You worshipped Ashenzari.
Ashenzari was exalted by your worship.
You were near starving.

You visited 7 branches of the dungeon, and saw 35 of its levels.
You also visited: Labyrinth, Trove and Ice Cave.

You collected 5021 gold pieces.
You spent 2974 gold pieces at shops.

Inventory:

Hand Weapons
 s - a cursed +9 demon trident of freezing (weapon)
Armour
 i - a +2 pair of boots (worn)
 l - a cursed +2 robe of resistance (worn)
 m - a cursed +2 helmet of intelligence (worn)
 A - a +0 pair of gloves (worn)
 B - a cursed +2 cloak of poison resistance (worn)
 T - a +2 buckler of protection (worn)
 U - a cursed +2 shield of positive energy
Jewellery
 b - the cursed ring of Divine Intervention (right hand) {rElec Int+2 Dex+5 Stlth+}
   (You took it off a minotaur in a labyrinth)

   [ring of dexterity]

   It affects your intelligence (+2).
   It affects your dexterity (+5).
   It insulates you from electricity.
   It makes you more stealthy.
   It has a curse placed upon it.
 f - an uncursed ring of protection from fire
 r - an uncursed ring of resist corrosion
 z - a +6 ring of evasion (left hand)
 J - the cursed amulet "Giriem" (around neck) {Reflect Int+3 Dex-2 SH+3 Stlth+}
   (You found it in a treasure trove)

   [amulet of reflection]

   It shields you and reflects attacks.
   It affects your intelligence (+3).
   It affects your dexterity (-2).
   It affects your SH (+3).
   It makes you more stealthy.
   It has a curse placed upon it.
 N - an uncursed ring of protection from cold
 R - an uncursed ring of protection from magic
 S - an uncursed ring of positive energy
Wands
 o - a wand of teleportation (6/9)
 q - a wand of iceblast (12/15)
 P - a wand of digging (9/24)
 W - a wand of lightning (0/15)
 X - a wand of heal wounds (4/9)
 Z - a wand of disintegration (10/24)
Scrolls
 d - 10 scrolls of remove curse
 e - 9 scrolls of identify
 g - 2 scrolls of blinking
 h - 5 scrolls of fog
 k - 6 scrolls of teleportation
 w - 5 scrolls of immolation
 y - 5 scrolls of silence
 K - 3 scrolls of magic mapping
 M - a scroll of fear
 O - a scroll of holy word
Potions
 j - 4 potions of haste
 n - 5 potions of might
 p - 5 potions of brilliance
 t - 6 potions of lignification
 u - 4 potions of cancellation
 v - a potion of magic
 x - 5 potions of berserk rage
 C - 3 potions of flight
 E - 21 potions of curing
 F - 4 potions of agility
 G - 4 potions of heal wounds
 H - 4 potions of invisibility
 L - 2 potions of ambrosia
 Q - a potion of resistance
Books
 I - Umoniol's Handbook of Sinister Rituals
   (You found it on level 1 of the Elven Halls)

   Spells                             Type                      Level
   a - Pain                           Necromancy                   1
   b - Corpse Rot                     Necromancy                   2
   c - Excruciating Wounds            Charms/Necromancy            5
   d - Cigotuvi's Embrace             Necromancy                   5
Comestibles
 a - 4 royal jellies
 c - 14 bread rations
 V - a meat ration


   Skills:
 - Level 10.0(6.7) Fighting
 - Level 16.0(15.8) Polearms
 + Level 19.2(17.3) Dodging
 - Level 6.0(5.9) Stealth
 - Level 9.0(5.9) Shields
 + Level 9.2(6.0) Spellcasting
 * Level 20.8(18.6) Summonings
 - Level 4.0(3.8) Ice Magic
 - Level 3.0(2.7) Air Magic


You had 12 spell levels left.
You knew the following spells:

 Your Spells              Type           Power        Failure   Level  Hunger
a - Aura of Abjuration    Summ           #######...   1%          5    #####..
b - Call Imp              Summ           #######.     0%          2    None
c - Summon Small Mammal   Summ           ####         0%          1    None
d - Call Canine Familiar  Summ           #######.     0%          3    None
e - Summon Lightning Spi  Summ/Air       ######..     1%          4    ###....
r - Summon Demon          Summ           #######...   1%          5    #####..
z - Summon Ice Beast      Ice/Summ       ######..     1%          4    ###....


Dungeon Overview and Level Annotations

Branches:
Dungeon (15/15)            Temple (1/1) D:4            Lair (6/6) D:9
 Shoals (4/4) Lair:2        Snake (4/4) Lair:4        Slime (0/5) Lair:6
    Orc (2/2) D:11            Elf (3/3) Orc:2        Vaults (0/5) D:14
 Depths (0/5) D:15

Altars:
Ashenzari
Cheibriados
Elyvilon
Fedhas
Gozag
Hepliaklqana
Kikubaaqudgha
Makhleb
Nemelex Xobeh
Okawaru
Qazlal
Ru
Sif Muna
Trog
Uskayaw
Vehumet
Xom
Yredelemnul
Zin
The Shining One

Shops:
D:6 [   D:7 *?   D:8 (   D:12 *   Orc:2 %((:   Elf:2 :   Shoals:1 (%
Shoals:2 %   Shoals:4 ?

Annotations:
Shoals:4 Ilsuiw


Message History

You climb upwards.
There is a stone staircase leading down here.
Evoke which item? (* to show all) (? for menu, Esc to quit)
Zapping:
o - a wand of teleportation (7/9)
Press: ? - help, Shift-Dir - straight line, f - you You feel strangely unstable.
This wand has 6 charges left.
The deep elf blademaster hits you but does no damage.
You feel drained.
The deep elf blademaster barely misses you.
You block the deep elf blademaster's attack.
The deep elf blademaster hits you with a rapier of draining!!
* * * LOW HITPOINT WARNING * * *
You feel drained.
* * * LOW HITPOINT WARNING * * *
The deep elf blademaster hits you with a rapier of draining!
* * * LOW HITPOINT WARNING * * *
You feel drained.
* * * LOW HITPOINT WARNING * * *
The deep elf blademaster hits you with a rapier of draining!
You die...

# ####### ## ##..@>.##
.## ##....e..##
..##########<........#
..'........+.........#
..##########..[.[....#
.'## #.........# ##.##
##.........#
###.#########.....).##
##.#.....#'#..[..##


You could see a deep elf blademaster.

Vanquished Creatures
  Rupert (Lair:4)
  A deep elf master archer (Elf:3)
  A kraken (Shoals:1)
  Gastronok (D:10)
  2 nagarajas (Snake:4)
  A deep elf sorcerer (Elf:2)
  A reaper (IceCv)
  2 deep elf demonologists (Elf:3)
  A deep elf annihilator (Elf:3)
  3 dire elephants (Lair:6)
  2 merfolk javelineers
  The ghost of XO4YCPATb the Basher, a journeyman DrNe of Kikubaaqudgha (Orc:1)
  An ogre mage (D:14)
  A minotaur (Lab)
  A yaktaur captain (D:15)
  2 hydras
  12 naga warriors
  6 centaur warriors
  4 anacondas
  A merfolk aquamancer (Shoals:4)
  A catoblepas (Lair:6)
  A satyr (Shoals:1)
  2 tengu warriors (D:13)
  3 death yaks (Lair:5)
  15 dancing weapons
  2 shock serpents
  9 deep elf knights
  3 naga sharpshooters
  A salamander mystic (Snake:4)
  A skeletal warrior (D:11)
  5 unseen horrors
  2 naga ritualists (Snake:4)
  4 deep elf archers
  A large abomination (Elf:1)
  6 sea snakes
  3 hill giants (D:13)
  2 orc knights
  Pikel (D:7)
  2 phantasmal warriors (D:11)
  3 necromancers (Elf:1)
  12 harpies
  3 ugly things (D:15)
  4 cyclopes
  A wolf spider zombie (D:15)
  3 orc sorcerers (Orc:2)
  26 deep elf magi
  7 mana vipers
  11 fauns
  3 manticores
  5 salamanders
  4 elephants
  5 sirens
  Joseph (D:7)
  4 water nymphs
  25 black mambas
  5 guardian serpents (Snake:4)
  3 gargoyles
  4 naga magi
  3 rime drakes
  4 centaur skeletons
  An ice statue (IceCv)
  8 spiny frogs
  A rime drake (shapeshifter) (Elf:2)
  A freezing wraith (D:11)
  5 ice devils (IceCv)
  7 komodo dragons
  An efreet (D:15)
  A tengu conjurer (D:15)
  8 trolls
  5 merfolk
  A meliai (Shoals:1)
  4 two-headed ogres
  A polar bear (Lair:2)
  3 wind drakes
  3 blink frogs (Lair:2)
  10 slime creatures
  10 hippogriffs
  8 dream sheep
  3 shadows
  19 yaks
  6 water elementals
  3 air elementals
  2 wraiths (D:10)
  5 wyverns
  5 basilisks
  A fire elemental (Elf:2)
  A hungry ghost (D:13)
  A hog (D:8)
  A steam dragon (Lair:3)
  7 vampire mosquitoes
  4 wargs (Orc:1)
  10 swamp worms (Lair:6)
  27 nagas
  8 water moccasins
  9 ice beasts
  17 orc warriors
  4 porcupines
  A black bear (Lair:3)
  A slave (D:7)
  3 sky beasts
  A sky beast (shapeshifter) (Snake:4)
  2 phantoms
  A boggart (D:14)
  11 wolves
  2 ogres
  2 necrophages (D:14)
  11 centaurs
  12 crocodiles
  A big kobold (D:12)
  2 elf zombies (Elf:1)
  15 bullfrogs
  A wyvern zombie (D:9)
  Dowan (D:4)
  An earth elemental (Elf:2)
  A wyvern skeleton (D:11)
  2 scorpions
  A water moccasin skeleton (D:11)
  8 killer bees
  A howler monkey (D:6)
  9 wights
  A lava snake (D:8)
  6 crimson imps
  2 centaur zombies
  2 quasits
  12 orc priests
  5 hounds
  3 jellies
  2 bullfrog skeletons
  23 orc wizards
  3 iguanas
  3 hell rats (Lair:6)
  8 worker ants
  A hound skeleton (D:9)
  2 hound zombies
  3 adders
  3 shadow imps
  2 white imps (IceCv)
  4 ufetubi (IceCv)
  An ooze (D:6)
  An adder skeleton (D:7)
  A worm (Lair:6)
  A dart slug (D:2)
  3 leopard geckos
  50 orcs
  4 bats
  8 giant cockroaches
  A gnoll zombie (D:2)
  10 goblins
  A hobgoblin (D:1)
  5 jackals
  7 quokkas
  4 frilled lizards
  6 kobolds
  A leopard gecko skeleton (D:4)
  2 quokka skeletons
  4 rats
  5 plants
  A tentacle (Shoals:1)
747 creatures vanquished.

Vanquished Creatures (collateral kills)
  Saint Roka (Orc:2)
  Nikola (Elf:2)
  A deep elf blademaster (Elf:2)
  A sphinx (shapeshifter) (Elf:3)
  A deep elf sorcerer (Elf:3)
  Donald (Shoals:2)
  4 nagarajas (Snake:4)
  2 deep elf elementalists (Elf:3)
  3 dire elephants (Lair:6)
  A merfolk javelineer (Shoals:3)
  4 deep elf death magi
  Snorg (Orc:2)
  A minotaur (Shoals:1)
  A merfolk impaler (Shoals:1)
  A deep elf high priest (Elf:3)
  4 naga warriors
  3 hydras
  3 anacondas
  A death knight (D:11)
  2 satyrs
  A centaur warrior (D:15)
  10 dancing weapons
  A tengu warrior (D:15)
  2 orc high priests (Orc:2)
  10 naga sharpshooters
  8 deep elf knights
  A shock serpent (Snake:4)
  Sonja (Lair:2)
  A skeletal warrior (D:14)
  2 sea snakes (Snake:2)
  6 naga ritualists
  4 hill giants
  3 deep elf archers
  8 harpies
  A necromancer (Elf:1)
  6 mana vipers
  15 deep elf magi
  10 fauns
  2 orc sorcerers (Orc:2)
  An ugly thing (D:15)
  6 slime creatures
  3 manticores
  2 sirens
  8 cyclopes
  An elephant (Lair:6)
  3 guardian serpents (Snake:4)
  2 salamanders
  2 centaur zombies
  A water nymph (Shoals:1)
  12 naga magi
  7 black mambas
  An ice statue (IceCv)
  A spiny frog (Lair:2)
  3 centaur skeletons
  A rime drake (Lair:5)
  4 yaktaurs
  4 ice devils (IceCv)
  3 komodo dragons
  A hornet (D:11)
  6 trolls
  11 merfolk
  3 meliai (Shoals:1)
  A two-headed ogre (D:14)
  3 snapping turtles (Shoals:1)
  4 hippogriffs
  2 dream sheep
  A wraith (D:14)
  2 wyverns
  A vampire (D:12)
  3 hogs (D:8)
  9 yaks
  A human (D:8)
  3 hungry ghosts
  3 vampire mosquitoes
  39 nagas
  Duvessa (D:4)
  3 water moccasins
  2 wargs (D:9)
  A porcupine (Lair:4)
  A phantom (D:8)
  A sky beast (D:7)
  A slave (D:7)
  3 ice beasts
  16 orc warriors
  2 black bears
  3 ogres
  A necrophage (D:10)
  8 wolves
  4 centaurs
  2 large abominations (Elf:1)
  4 crocodiles
  4 big kobolds
  An elf zombie (Elf:1)
  3 bullfrogs
  A gnoll sergeant (D:9)
  A wyvern skeleton (D:14)
  A scorpion (D:10)
  3 killer bees (D:8)
  A howler monkey (D:9)
  5 wights
  An electric eel (Snake:2)
  2 crimson imps
  A bullfrog zombie (D:7)
  A quasit (D:13)
  A jelly (D:5)
  21 orc wizards
  21 orc priests
  3 hounds
  3 worker ants
  A hell rat (Lair:6)
  3 adders
  2 shadow imps
  2 white imps (IceCv)
  2 ufetubi (IceCv)
  12 worms
  4 dart slugs
  A leopard gecko (D:5)
  51 orcs
  2 bats (D:1)
  A giant cockroach (D:3)
  3 goblins
  A hobgoblin (D:1)
  A jackal (D:3)
  A quokka (D:2)
  2 frilled lizards (D:1)
  A gnoll zombie (D:2)
  10 kobolds
  A rat (D:1)
  5 plants
520 creatures vanquished.

Vanquished Creatures (others)
  2 deep elf knights
  A black mamba (Snake:1)
  A yaktaur (D:14)
  A naga (Snake:4)
  A slave (D:7)
  A sky beast (D:9)
  7 white imps (IceCv)
  3 ufetubi (IceCv)
  2 bushes (D:10)
  4 fungi
  21 plants
  11 tentacles (Shoals:1)
55 creatures vanquished.

Grand Total: 1322 creatures vanquished

Notes
Turn   | Place    | Note
-------+----------+-------------------------------------------
     0 | D:1      | Krapule the Merfolk Summoner began the quest for the Orb.
     0 | D:1      | Reached XP level 1. HP: 13/13 MP: 3/3
   113 | D:1      | Reached XP level 2. HP: 20/20 MP: 0/5
   164 | D:1      | Learned a level 2 spell: Call Imp
   881 | D:2      | Reached skill level 1 in Fighting
   929 | D:2      | Reached XP level 3. HP: 26/26 MP: 1/6
  1002 | D:2      | Found a basalt altar of Yredelemnul.
  1336 | D:2      | Found an ancient bone altar of Kikubaaqudgha.
  2134 | D:2      | Found a snail-covered altar of Cheibriados.
  2254 | D:3      | Noticed a water elemental
  2256 | D:3      | Found a stormy altar of Qazlal.
  2258 | D:3      | Noticed an earth elemental
  2351 | D:3      | Reached XP level 4. HP: 25/32 MP: 1/7
  2476 | D:3      | Noticed a fire elemental
  3050 | D:3      | Noticed an air elemental
  3222 | D:3      | You fall through a shaft for 2 floors!
  3222 | D:5      | Entered Level 5 of the Dungeon
  3231 | D:5      | Reached XP level 5. HP: 34/38 MP: 3/8
  3432 | D:4      | Reached skill level 1 in Polearms
  3791 | D:4      | Learned a level 3 spell: Call Canine Familiar
  3896 | D:3      | Reached skill level 5 in Summonings
  4055 | D:3      | Reached XP level 6. HP: 45/45 MP: 7/10
  4177 | D:4      | Found a staircase to the Ecumenical Temple.
  4186 | Temple   | Entered the Ecumenical Temple
  4317 | Temple   | Became a worshipper of Ashenzari the Shackled
  4383 | D:4      | Found an iron altar of Okawaru.
  4530 | D:4      | Noticed Duvessa
  4573 | D:4      | Killed Duvessa
  4586 | D:4      | Noticed Dowan
  4605 | D:4      | Killed Dowan
  5035 | D:4      | Reached XP level 7. HP: 46/51 MP: 8/12
  5202 | D:5      | Reached skill level 6 in Summonings
  6294 | D:6      | Reached skill level 5 in Dodging
  6294 | D:6      | Reached XP level 8. HP: 54/60 MP: 13/13
  6337 | D:6      | Found Giet's Armour Boutique.
  6478 | D:6      | Reached * piety under Ashenzari
  7012 | D:6      | Reached skill level 7 in Summonings
  7355 | D:6      | Found a glowing golden altar of the Shining One.
  7412 | D:7      | Identified the ring "Tozakk" {+Fly rPois rF- AC+3 Str+4}
  7505 | D:7      | Reached skill level 5 in Polearms
  7574 | D:7      | Learned a level 4 spell: Summon Ice Beast
  7579 | D:7      | Learned a level 4 spell: Summon Lightning Spire
  7604 | D:7      | Found Efroh Jirra's Magic Scroll Shoppe.
  7651 | D:7      | Noticed Pikel
  7675 | D:7      | Killed Pikel
  7675 | D:7      | Reached skill level 1 in Ice Magic
  7675 | D:7      | Reached skill level 1 in Air Magic
  7675 | D:7      | Reached XP level 9. HP: 60/67 MP: 0/15
  7770 | D:7      | Found Hala's General Store.
  7839 | D:7      | Noticed Joseph
  7882 | D:7      | Reached skill level 8 in Summonings
  7968 | D:7      | Killed Joseph
  7968 | D:7      | Reached skill level 5 in Fighting
  8184 | D:8      | Found Ujum's Antique Weapon Shoppe.
  8655 | D:7      | Reached skill level 5 in Spellcasting
  8930 | D:8      | Reached XP level 10. HP: 56/74 MP: 14/17
  9265 | D:8      | Found a burning altar of Makhleb.
  9588 | D:9      | Reached ** piety under Ashenzari
 10002 | D:9      | Reached skill level 9 in Summonings
 10557 | D:9      | Found a staircase to the Lair.
 11592 | D:9      | Noticed a gargoyle
 11601 | D:9      | Noticed an eight-headed hydra
 11628 | D:9      | Killed a gargoyle
 11628 | D:9      | Reached skill level 10 in Dodging
 11998 | D:9      | Killed an eight-headed hydra
 12306 | D:9      | Reached XP level 11. HP: 79/79 MP: 14/18
 12332 | D:10     | Entered Level 10 of the Dungeon
 12332 | D:10     | Found a portal to a secret trove of treasure.
 12332 | D:10     | Noticed a hill giant
 12393 | D:10     | Reached skill level 10 in Polearms
 12760 | D:10     | Reached skill level 10 in Summonings
 13042 | D:10     | Noticed a hill giant
 13055 | D:10     | Killed a hill giant
 13188 | D:7      | Bought a scroll of acquirement for 780 gold pieces
 13257 | D:10     | Found a burning altar of Makhleb.
 13533 | D:10     | Noticed Gastronok
 13561 | D:10     | Killed Gastronok
 13561 | D:10     | Reached skill level 1 in Shields
 13581 | D:10     | Found a sacrificial altar of Ru.
 13803 | D:10     | Killed a hill giant
 13948 | Trove    | Entered a treasure trove
 13954 | Trove    | Identified the cursed amulet "Giriem" {Reflect Int+3 Dex-2 SH+3 Stlth+}
 13954 | Trove    | Identified the cursed ring "Kanest" {Ice Dex+2}
 13954 | Trove    | Identified the cursed ring of Bacaxzaph {+Blink rF- Str+3 Dex+3}
 13954 | Trove    | Identified the +4 demon whip of Mandamus {drain, +Inv rC+ rN+ Dex+2}
 14093 | Lair:1   | Entered Level 1 of the Lair of Beasts
 15186 | Lair:2   | Found a staircase to the Shoals.
 15224 | Lair:2   | Noticed a five-headed hydra
 15234 | Lair:2   | Killed a five-headed hydra
 15295 | Lair:2   | Found a labyrinth entrance.
 15320 | Lab      | Entered a labyrinth
 15599 | Lab      | Noticed a minotaur
 15649 | Lab      | Killed a minotaur
 15649 | Lab      | Identified the ring of Divine Intervention {rElec Int+2 Dex+5 Stlth+} (You took it off a minotaur in a labyrinth)
 15649 | Lab      | Reached XP level 12. HP: 21/86 MP: 4/19
 16140 | Lair:2   | Reached skill level 11 in Summonings
 16354 | Lair:2   | Reached skill level 5 in Shields
 16365 | Lair:2   | Noticed Sonja
 16372 | Lair:2   | Killed Sonja
 17610 | Lair:4   | Found a staircase to the Snake Pit.
 17663 | Lair:4   | Noticed a five-headed hydra
 17676 | Lair:4   | Killed a five-headed hydra
 18183 | Lair:4   | Noticed Rupert
 18201 | Lair:4   | Killed Rupert
 18986 | Lair:5   | Reached *** piety under Ashenzari
 19017 | Lair:5   | Reached XP level 13. HP: 91/93 MP: 14/21
 20132 | Lair:6   | Entered Level 6 of the Lair of Beasts
 20187 | Lair:6   | Reached skill level 12 in Summonings
 20435 | Lair:6   | Found a staircase to the Slime Pits.
 21572 | Lair:6   | Identified the +7 hand crossbow of Tadunloq {venom, rC+ Stlth+}
 21635 | Lair:6   | Noticed a dire elephant
 21651 | Lair:6   | Killed a dire elephant
 21743 | Lair:6   | Noticed a dire elephant
 21767 | Lair:6   | Killed a dire elephant
 21866 | Lair:6   | Noticed a dire elephant
 21866 | Lair:6   | Noticed a dire elephant
 21890 | Lair:6   | Noticed a dire elephant
 21895 | Lair:6   | Killed a dire elephant
 22232 | Lair:6   | Killed a dire elephant
 22246 | Lair:6   | Killed a dire elephant
 22398 | Lair:6   | Noticed a dire elephant
 22416 | Lair:6   | Killed a dire elephant
 22775 | D:11     | Reached XP level 14. HP: 81/104 MP: 15/23
 23089 | D:11     | Reached skill level 13 in Summonings
 23316 | D:11     | Reached **** piety under Ashenzari
 23690 | D:11     | Found a staircase to the Orcish Mines.
 23943 | Orc:1    | Entered Level 1 of the Orcish Mines
 24045 | Orc:1    | Found a frozen archway.
 24075 | IceCv    | Entered an ice cave
 24527 | IceCv    | Reached skill level 15 in Polearms
 24580 | IceCv    | Noticed a reaper
 24654 | IceCv    | Killed a reaper
 25067 | Orc:1    | Noticed XO4YCPATb's ghost (journeyman DrNe)
 25079 | Orc:1    | Killed XO4YCPATb's ghost
 25697 | Orc:2    | Entered Level 2 of the Orcish Mines
 25697 | Orc:2    | Found a staircase to the Elven Halls.
 25716 | Orc:2    | Noticed Snorg
 25743 | Orc:2    | Killed Snorg
 25859 | Orc:2    | Noticed Saint Roka
 27750 | Orc:2    | Found Cufotten's Weapon Boutique.
 27750 | Orc:2    | Found Aheuve's Food Shop.
 27751 | Orc:2    | Found Valluurph's Weapon Shop.
 27754 | Orc:2    | Found Dev Etur's Book Boutique.
 27762 | Orc:2    | Bought the Disquisition on the Igneous Entourage for 936 gold pieces
 27768 | Orc:2    | Learned a level 5 spell: Summon Demon
 27892 | Orc:2    | Killed Saint Roka
 28494 | D:12     | Found Likaot's Assorted Antiques.
 28511 | D:12     | Bought a potion of heal wounds for 170 gold pieces
 28650 | D:12     | Reached ***** piety under Ashenzari
 29234 | D:7      | Bought a +6 ring of evasion for 858 gold pieces
 29234 | D:7      | Bought a potion of heal wounds for 55 gold pieces
 29234 | D:7      | Bought a scroll of enchant weapon for 82 gold pieces
 29234 | D:7      | Bought a scroll of identify for 22 gold pieces
 29234 | D:7      | Bought a potion of curing for 33 gold pieces
 29234 | D:7      | Bought a scroll of magic mapping for 38 gold pieces
 29584 | D:13     | Reached skill level 14 in Summonings
 29600 | D:13     | Reached XP level 15. HP: 73/113 MP: 19/25
 29966 | D:13     | Reached skill level 15 in Dodging
 30340 | D:14     | Found an opulent altar of Gozag.
 30529 | D:14     | Paralysed by an ogre mage for 7 turns
 30704 | D:14     | Found a glowing golden altar of the Shining One.
 31007 | D:14     | Found a gate to the Vaults.
 31271 | D:15     | Entered Level 15 of the Dungeon
 31708 | D:15     | Found a staircase to the Depths.
 31839 | D:15     | Identified the +8 dagger of Fee Simple {pierce, Dex+4}
 31846 | D:15     | Reached skill level 15 in Summonings
 32337 | Elf:1    | Entered Level 1 of the Elven Halls
 33627 | Shoals:1 | Entered Level 1 of the Shoals
 33627 | Shoals:1 | Found Vonaom's Food Shop.
 33886 | Shoals:1 | Noticed a kraken
 33922 | Shoals:1 | Killed a kraken
 33922 | Shoals:1 | Reached XP level 16. HP: 92/120 MP: 22/28
 34500 | Shoals:1 | Found a hide-covered altar of Uskayaw.
 34691 | Shoals:1 | Reached skill level 16 in Summonings
 35452 | Shoals:2 | Noticed Donald
 35569 | Shoals:2 | Killed Donald
 35700 | Shoals:2 | Found Plog's Food Shop.
 38075 | Shoals:4 | Entered Level 4 of the Shoals
 38115 | Shoals:4 | Found Xoff's Magic Scroll Emporium.
 38142 | Shoals:4 | Noticed Ilsuiw
 38183 | Shoals:4 | Reached ****** piety under Ashenzari
 38470 | Snake:1  | Entered Level 1 of the Snake Pit
 39009 | Snake:1  | Reached skill level 17 in Summonings
 39613 | Snake:1  | Reached XP level 17. HP: 119/125 MP: 25/30
 40258 | Snake:2  | Reached skill level 10 in Spellcasting
 41124 | Snake:3  | Identified the Papyrus of Poison and Transmigration (You acquired it on level 3 of the Snake Pit)
 41303 | Lair:1   | Learned a level 5 spell: Aura of Abjuration
 42056 | Snake:4  | Entered Level 4 of the Snake Pit
 43156 | Snake:4  | Reached skill level 18 in Summonings
 44002 | Snake:4  | Got a serpentine rune of Zot
 44257 | Snake:4  | Reached XP level 18. HP: 121/134 MP: 32/32
 44459 | Snake:4  | Reached skill level 5 in Stealth
 44985 | Elf:1    | Identified Umoniol's Handbook of Sinister Rituals
 45362 | Elf:2    | Found Faep's Book Boutique.
 45380 | Elf:2    | Reached skill level 19 in Summonings
 45470 | Elf:2    | Reached skill level 10 in Fighting
 45857 | Elf:1    | Found an ancient bone altar of Kikubaaqudgha.
 46057 | Elf:2    | Noticed Nikola
 46071 | Elf:2    | Killed Nikola
 46207 | Elf:2    | Found a huge runed gate.
 46207 | Elf:2    | Found a huge runed gate.
 46207 | Elf:2    | Found a huge runed gate.
 46207 | Elf:2    | Found a huge runed gate.
 46209 | Elf:2    | Found a huge runed gate.
 46363 | Elf:2    | Noticed a deep elf blademaster
 46383 | Elf:2    | Killed a deep elf blademaster
 47045 | Elf:2    | Reached skill level 20 in Summonings
 47572 | Elf:3    | Entered Level 3 of the Elven Halls
 48050 | Elf:3    | Noticed a deep elf master archer
 48060 | Elf:3    | Killed a deep elf master archer
 48181 | Elf:3    | Reached XP level 19. HP: 140/140 MP: 31/31
 48536 | Elf:2    | HP: 4/140 [deep elf blademaster/rapier of draining (10)]
 48536 | Elf:2    | HP: 1/140 [deep elf blademaster/rapier of draining (3)]
 48536 | Elf:2    | Mangled by a deep elf blademaster

Skill      XL: |  1  2  3  4  5  6  7  8  9 10 11 12 13 14 15 16 17 18 19 |
---------------+----------------------------------------------------------+-----
Dodging        | 3 4 5 6 7 10 11 12 13 14 16 17 18 19 | 19.2
Fighting       | 1 2 3 4 5 7 9 10 | 10.0
Stealth        | 3 4 6 |  6.0
Polearms       | 1 2 3 5 7 9 12 13 14 15 16 | 16.0
Summonings     | 5 6 7 8 9 10 11 12 14 15 17 18 20 | 20.8
Spellcasting   | 3 4 5 6 8 9 10 8 9 |  9.2
Ice Magic      | 1 3 4 |  4.0
Air Magic      | 1 2 3 |  3.0
Shields        | 4 6 7 8 9 |  9.0

Action                   |  1- 3 |  4- 6 |  7- 9 | 10-12 | 13-15 | 16-18 | 19-21 || total
-------------------------+-------+-------+-------+-------+-------+-------+-------++-------
Melee: Unarmed           |    10 |       |       |       |       |       |       ||    10
       Dagger            |    88 |    36 |       |       |       |       |       ||   124
       Halberd           |       |    95 |   289 |   136 |       |       |       ||   520
       Glaive            |       |       |       |   147 |       |       |       ||   147
       Demon trident     |       |       |       |   362 |  1191 |  1140 |    22 ||  2715
       Tailslap          |       |       |       |       |    14 |     7 |       ||    21
 Cast: Summon Small Mamm |    21 |     3 |       |     4 |     1 |       |       ||    29
       Call Imp          |    13 |    20 |    39 |    13 |     2 |       |       ||    87
       Call Canine Famil |       |    14 |    23 |    14 |    29 |     1 |       ||    81
       Summon Ice Beast  |       |       |     8 |    44 |    74 |    23 |     1 ||   150
       Summon Lightning  |       |       |     3 |    34 |    66 |    94 |     3 ||   200
       Summon Demon      |       |       |       |       |    36 |   108 |     8 ||   152
       Aura of Abjuratio |       |       |       |       |       |     8 |     3 ||    11
Invok: Curse Item        |       |       |       |     2 |     1 |     1 |       ||     4
       Transfer Knowledg |       |       |       |       |       |     1 |       ||     1
Evoke: Wand              |       |       |     3 |       |    10 |     2 |     1 ||    16
  Use: Scroll            |       |     5 |    10 |    16 |     9 |    13 |       ||    53
       Potion            |       |       |     1 |     1 |     2 |     1 |       ||     5
 Stab: Sleeping          |     7 |     8 |    10 |    18 |    34 |    21 |     1 ||    99
       Distracted        |     1 |     3 |     4 |    12 |    25 |    34 |       ||    79
       Confused          |       |       |     1 |       |       |       |       ||     1
  Eat: Bread ration      |     1 |       |       |       |       |     2 |       ||     3
       Chunk             |       |     8 |    18 |    42 |    55 |    40 |     1 ||   164
       Meat ration       |       |     1 |       |       |     2 |     1 |       ||     4
       Fruit             |       |       |     1 |     6 |     7 |     2 |       ||    16
       Beef jerky        |       |       |       |       |     1 |     5 |       ||     6
       Pizza             |       |       |       |       |     1 |     1 |       ||     2
Armor: Robe              |    12 |    15 |    66 |    88 |    47 |    56 |     9 ||   293
Dodge: Dodged            |    50 |    54 |   220 |   373 |   372 |   530 |    30 ||  1629
Block: Buckler           |       |       |       |    66 |   208 |   329 |    14 ||   617
       Reflection        |       |       |       |     2 |    20 |    63 |     2 ||    87
